 Dungeon Crawl Stone Soup version 0.29-a0-830-gcb1280458a (webtiles) character file.

Game seed: 3488207075360462639

4 ytrimaz the Insei (level 1, 6/13 HPs)
             Began as an Octopode Transmuter on July 11, 2022.
             Quit the game on level 1 of the Dungeon.
             The game lasted 00:00:43 (40 turns).

ytrimaz the Insei (Octopode Transmuter)               Turns: 40, Time: 00:00:44

Health: 6/13       AC:  1    Str:  9    XL:     1   Next: 70%
Magic:  3/3        EV: 13    Int: 15    God:
Gold:   0          SH:  0    Dex: 12    Spells: 3/4 levels left

rFire   . . .      SeeInvis .     - Unarmed
rCold   . . .      Faith    .   (no shield)
rNeg    . . .      Spirit   .   (helmet restricted)
rPois   .          Reflect  .   (no amulet)
rElec   .          Harm     .   (no ring)
rCorr   .          Rampage  .   (no ring)
Will    .....                   (no ring)
Stlth   ++........              (no ring)
HPRegen 0.04/turn               (no ring)
MPRegen 0.08/turn               (no ring)
                                (no ring)
                                (no ring)

@: no status effects
A: almost no armour, amphibious, 8 rings, camouflage 1, gelatinous body 1,
(nimble swimmer 1), tentacles
a: no special abilities


You were on level 1 of the Dungeon.
You visited 1 branch of the dungeon, and saw 1 of its levels.

Inventory:

Potions
 a - a potion of lignification


   Skills:
 + Level 1.0 Fighting
 + Level 2.0 Dodging
 + Level 3.2 Unarmed Combat
 + Level 2.0 Spellcasting
 + Level 2.0 Transmutations


You had 3 spell levels left.
You knew the following spells:

 Your Spells              Type           Power      Damage    Failure   Level
a - Beastly Appendage     Tmut           14%        N/A       10%         1

Your spell library contained the following spells:

 Spells                   Type           Power      Damage    Failure   Level
 Wereblood                Tmut           7%         N/A       14%         2
 Spider Form              Tmut/Pois      4%         N/A       41%         3
 Ice Form                 Ice/Tmut       4%         N/A       82%         4


Dungeon Overview and Level Annotations

Branches:
Dungeon (1/15)

Altars:


Innate Abilities, Weirdness & Mutations

You cannot wear most types of armour.
You are amphibious.
You can wear up to eight rings at the same time.
Your skin changes colour to match your surroundings (Stealth+).
Your rubbery body absorbs attacks. (AC +1, EV +1)
((You are camouflaged when in or above water. (Stealth+)))
You have tentacles for arms and can constrict up to eight enemies at once.


Message History

You tentacle-slap the quokka. You grab the quokka.
The quokka is heavily wounded.
You constrict the quokka, but do no damage.
The quokka barely misses you.
You barely miss the quokka.
The quokka is heavily wounded.
You constrict the quokka. The quokka closely misses you.
You tentacle-slap the quokka.
You kill the quokka!
Okay, then.
One of your tentacles grows a vicious spike.
You closely miss the goblin. You grab the goblin. You squeeze the goblin.
You kill the goblin!
You tentacle-slap the goblin.
You kill the goblin!
Your transformation is almost over.
You miss the kobold. You grab the kobold.
You constrict the kobold, but do no damage.
The kobold barely misses you.
You tentacle-slap the kobold but do no damage.
You constrict the kobold, but do no damage.
The kobold misses you.
You tentacle-slap the kobold.
You kill the kobold!
Items here: ))) †.
A giant cockroach comes into view. x2
Found a potion of lignification.
You see here 12 gold pieces.
Your tentacle spike disappears.
A bat comes into view.
You barely miss the giant cockroach. Your grab misses the giant cockroach.
The giant cockroach bites you. The giant cockroach barely misses you.
You closely miss the giant cockroach. You grab the giant cockroach.
You constrict the giant cockroach. The bat misses you.
The giant cockroach bites you.
You are too injured to fight recklessly!
You are too injured to fight recklessly!
You are too injured to fight recklessly!
Unknown command.
Are you sure you want to abandon this character and quit the game? (Confirm with "yes".)

............##....
.!................
#................
#................ .
#................
...#................
.......b............
......B@..$...##
....#...)###.=.# # .
#....# #..## !#
#.#### #)## ####.#
#. ##.# ##....## #.
#..####..<.!.. .
##..........## .
#........####
#......#.#


You could see a giant cockroach and a bat.

Vanquished Creatures
  2 goblins (D:1)
  A quokka (D:1)
  A kobold (D:1)
4 creatures vanquished.

Notes
Turn   | Place    | Note
-------+----------+-------------------------------------------
     0 | D:1      | ytrimaz the Octopode Transmuter began the quest for the
                  | Orb.
     0 | D:1      | Reached XP level 1. HP: 13/13 MP: 3/3
    40 | D:1      | Quit the game

Illustrated notes

Levels and vault maps discovered:
D:1:      dpeg_arrival_arbitrary_b, layout_basic, serial_shops,
          nicolae_shop_crystal, ebering_ecumenical_altar_petrified

Action                   || total
-------------------------++-------
Melee: Unarmed           ||    10
       Constrict         ||     4
       Tentacles         ||     1
 Cast: Beastly Appendage ||     1
Dodge: Dodged            ||     8

Table legend: (Time is in decaauts)
 A = Elapsed time spent in this place.
 B = Non-inter-level travel time spent in this place.
 C = Inter-level travel time spent in this place.
 D = Time resting spent in this place.
 E = Time spent auto-exploring this place.
 F = Levels seen in this place.
 G = Mean time per level.
                   A        B        C        D        E       F      G
               +--------+--------+--------+--------+--------+-----+--------+
         Total |     39 |     39 |      0 |      0 |      0 |   1 |   39.0 |
       Dungeon |     39 |     39 |      0 |      0 |      0 |   1 |   39.0 |
               +--------+--------+--------+--------+--------+-----+--------+

Top non-repeatable levels by time:
     D:1: 39 daAuts
